AoeStats
← KevuJr

Arabia

509960515Analyzed
1v1 RM · 2d ago on Sep 28, 2026· 49m 56s· 2 players
Game mode
Random Map
Map size
Tiny (2 player)
Population
200
Speed
Normal
Resources
Standard
Victory
Conquest
Starting age
Dark Age
Ending age
Imperial Age
RankedLock teamsTeams togetherTeam positionsShared explorationLock speedFull tech treeHidden civsTurbo modeCheats
Victory
Defeat
🇦🇷 Vietnamese · Argentina
1347
+17
🇺🇸 Persians · United States
1358
-17
KevuJr
6:35 Loom
10:06 Feudal Age
10:07 Man-at-Arms
14:29 Double-Bit Axe
14:53 Horse Collar
15:54 Arson
17:34 Town Watch
19:08 Fletching
20:19 Padded Archer Armor
22:45 Castle Age
21:11 Gold Mining
23:43 Wheelbarrow
23:34 Bodkin Arrow
23:04 Crossbowman
24:08 Town Patrol
24:25 Heavy Plow
25:00 Leather Archer Armor
27:27 Scale Mail Armor
27:59 Bow Saw
28:53 Ballistics
30:58 Thumb Ring
31:46 Hand Cart
37:51 Imperial Age
39:54 Imperial Age
40:27 Arbalester
43:03 Chemistry
42:21 Bracer
42:52 Ring Archer Armor
44:12 Crop Rotation
Groove7731
6:49 Loom
9:08 Feudal Age
9:49 Double-Bit Axe
10:44 Horse Collar
22:18 Castle Age
20:31 Gold Mining
21:11 Bloodlines
22:42 Scale Barding Armor
25:22 Bow Saw
25:32 Town Watch
28:30 Wheelbarrow
28:51 Fletching
32:58 Husbandry
37:00 Imperial Age
36:02 Hand Cart
35:54 Bodkin Arrow
41:41 Padded Archer Armor
44:35 Ballistics
45:54 Two-Man Saw
45:33 Chain Barding Armor
46:17 Heavy Plow
48:11 Chemistry
47:13 Husbandry
48:55 Padded Archer Armor
48:17 Elite Skirmisher
Connection lost

Rejoining the realm…

Still unreachable

The connection could not be restored.

Session expired

The server has moved on; the page needs a fresh start.